[Event "*** Titled Tuesday Blitz"]
[Site "Chess.com"]
[Date "2018.07.03"]
[Round "5"]
[White "CarlssonLudvig"]
[Black "TenisMaster"]
[Result "0-1"]
[WhiteElo "2129"]
[BlackElo "2740"]
[TimeControl "180+2"]
[EndTime "14:03:21 PDT"]
[Termination "TenisMaster won by checkmate"]

1. e4 c5 2. Nf3 Nc6 3. d4 cxd4 4.
Nxd4 e6 5. Nc3 Qc7 6. Be3 a6 7. f3 Nf6 8. Qd2 Be7 9. O-O-O b5 10. Kb1 Bb7 11. g4 Nxd4 12. Bxd4 O-O 13. h4 d5 14. e5 Nd7 15. f4 b4 16. Ne2 f6 17. exf6 Nxf6 18.
Ng3 Nxg4 19. Nh5 g6 20. Qe2 gxh5 21. Qxe6+ Rf7 22. Bd3 Qd6 23. Qe2 Bf6 24. Bxf6 Qxf6 25. Rhg1 Raf8 26. f5 a5 27. Rg3 a4 28. Rdg1 a3 29. c4 Re7 30. Qc2 dxc4 31. Bxc4+ Kh8 32. bxa3 Be4 33. Bd3 Bxd3 34. Rxd3 bxa3 35. Rxa3 Rb7+ 36. Rb3 Rfb8 37. Rd1 Rxb3+ 38. axb3 Ne3 39. Qh2 Rxb3+ 40. Ka2 Rb7 41. Rd3 Qa6+ 42. Ra3 Qc4+ 43. Ka1 Qc1+ 44. Ka2 Qb1# 0-1

[Event "*** Titled Tuesday Blitz"]
[Site "Chess.com"]
[Date "2018.07.03"]
[Round "5"]
[White "AndrewDGreen"]
[Black "Passacaglia23"]
[Result "0-1"]
[WhiteElo "2170"]
[BlackElo "2308"]
[TimeControl "180+2"]
[EndTime "14:03:21 PDT"]
[Termination "Passacaglia23 won by resignation"]

1. d4 d5 2. Bf4 Nf6 3. e3 c5 4. Nc3 Bf5 5. Nb5 Na6 6. Nf3 e6 7.
Be2 Be7 8. dxc5 O-O 9. Nbd4 Nxc5 10. Nxf5 exf5 11. O-O Qb6 12. Nd4 g6 13. Rb1 Rac8 14.
c3 a6 15. Re1 Nfe4 16. f3 Nd6 17. Bf1 Rfd8 18. Qe2 Nc4 19. Qf2 Na4 20. Kh1 Re8 21.
b3 Nxc3 22. bxc4 Nxb1 23. cxd5 Nc3 24. Qg3 Nxd5 25. Nxf5 Nxf4 26. Nxe7+ Rxe7 27. Qxf4 Rc2 28. Rd1 Qxe3 29. Qf6 Re8 30. Rd7 Qe6 31. Qxe6 Rxe6 32. Rxb7 Re1 33. Kg1 Rcc1 0-1

[Event "*** Titled Tuesday Blitz"]
[Site "Chess.com"]
[Date "2018.07.03"]
[Round "5"]
[White "SamCopeland"]
[Black "BillForster"]
[Result "1/2-1/2"]
[WhiteElo "1962"]
[BlackElo "1706"]
[TimeControl "180+2"]
[EndTime "14:03:21 PDT"]
[Termination "Game drawn by repetition"]

1. e4 c5 2. Nf3 a6 3. d4 cxd4 4. Nxd4 e5 5. Nb3 Nf6 6. Bg5 Be7 7. Nc3 O-O 8. Qd2 Nc6 9. Be2 d6 10. Rd1 Be6 11. O-O Kh8 12. Bxf6 gxf6 13. f4 f5 14. exf5 Bxf5 15. fxe5 Bg5 16. Qxd6 Qb6+ 17. Qc5 Qxc5+ 18. Nxc5 Bxc2 19. Rd5 Nb4 20. Nd7 Nxd5 21. Nxd5 Rfd8 22. N7f6 Bxf6 23. Nxf6 Rd2 24. Bc4 Rad8 25. Bxf7 R8d4 26.
e6 Re2 27. Rc1 Rdd2 28. e7 Rxg2+ 29. Kh1 Rxh2+ 30. Kg1 Rhg2+ 31. Kh1 Rh2+ 32. Kg1 Rhg2+ 33. Kh1 Rh2+ 1/2-1/2

[Event "*** Titled Tuesday Blitz"]
[Site "Chess.com"]
[Date "2018.07.03"]
[Round "5"]
[White "chessking2151"]
[Black "jk13"]
[Result "0-1"]
[WhiteElo "2451"]
[BlackElo "2564"]
[TimeControl "180+2"]
[EndTime "14:03:27 PDT"]
[Termination "jk13 won by resignation"]

1. e4 e5 2. Nf3 Nc6 3. Bb5 Nf6 4.
O-O Nxe4 5. d4 Nd6 6. Bxc6 dxc6 7. dxe5 Nf5 8. Qxd8+ Kxd8 9. h3 Bd7 10. g4 Ne7 11.
Ng5 Be8 12. Rd1+ Kc8 13. Nc3 h5 14. Bf4 Ng6 15. Bg3 Be7 16. Nge4 Bd7 17. f3 b6 18. Kg2 Be6 19. Ne2 c5 20. Nf4 Nxf4+ 21. Bxf4 Kb7 22. Ng5 Bxg5 23. Bxg5 Kc6 24. Kg3 Rag8 25. a3 a5 26. Rd2 a4 27. Rad1 Ra8 28.
f4 hxg4 29. hxg4 g6 30. Bf6 Rh7 31. Rd8 Ra5 32. Rf1 Bc4 33. Rf2 Rh1 34. f5 gxf5 35.
gxf5 Rb5 36. c3 Rb1 37. Rf4 Ba2 38. Rxa4 R5xb2 39. Ra7 Rg1+ 40. Kf3 Rf1+ 41. Kg3 Bd5 42. Rc8 Rg2+ 0-1

[Event "*** Titled Tuesday Blitz"]
[Site "Chess.com"]
[Date "2018.07.03"]
[Round "5"]
[White "51616516516"]
[Black "Morshynska"]
[Result "1-0"]
[WhiteElo "2214"]
[BlackElo "2147"]
[TimeControl "180+2"]
[EndTime "14:03:29 PDT"]
[Termination "51616516516 won by checkmate"]

1. c4 e5 2. g3 Nf6 3. Bg2 Nc6 4. Nc3 Bb4 5. Nd5 Bc5 6. e3 d6 7. Ne2 a6 8. O-O O-O 9. d4 Ba7 10. b3 Bf5 11. Bb2 Re8 12. h3 exd4 13. Nxd4 Nxd4 14.
Bxd4 Bxd4 15. Qxd4 Nxd5 16. Qxd5 Bc8 17. Rfd1 Qf6 18.
Rac1 a5 19. g4 Re5 20. Qd4 h5 21. f4 Rc5 22. Qxf6 gxf6 23. Bf3 hxg4 24. hxg4 Ra6 25. Kf2 Rb6 26. Rb1 Kf8 27. Rh1 Ke7 28. Rbd1 f5 29.
g5 Be6 30. Rh7 a4 31. g6 Kf8 32. g7+ Kg8 33. Rg1 Kxh7 34. g8=Q+ Kh6 35. Rh1# 1-0

[Event "*** Titled Tuesday Blitz"]
[Site "Chess.com"]
[Date "2018.07.03"]
[Round "5"]
[White "The_Unbeatable_One"]
[Black "attack2mateU"]
[Result "0-1"]
[WhiteElo "2645"]
[BlackElo "2675"]
[TimeControl "180+2"]
[EndTime "14:03:33 PDT"]
[Termination "attack2mateU won by resignation"]

1. e4 c5 2. Nf3 d6 3. d4 cxd4 4.
Nxd4 Nf6 5. Nc3 a6 6. Be3 e5 7. Nf3 Be7 8. Bc4 O-O 9. O-O Qc7 10. Bb3 Be6 11. Nh4 Nbd7 12. Nf5 Bxf5 13. exf5 Rac8 14. g4 Nc5 15. g5 Nfe4 16. Nd5 Qd8 17. Qg4 Bxg5 18.
Bxc5 Nxc5 19. Bc4 b5 20. Be2 Nd7 21. Rad1 Rxc2 22. Bd3 Rxb2 23. f6 Nxf6 24. Qxg5 Nxd5 25. Bxh7+ Kxh7 26. Qh5+ Kg8 27. Rxd5 Qf6 28. Rd3 Rxa2 29. Rg3 e4 30. Kh1 Ra1 31. Rxa1 Qxa1+ 32. Kg2 Qe5 33. Qg4 f5 34. Qh4 f4 35. Rh3 f3+ 0-1

[Event "*** Titled Tuesday Blitz"]
[Site "Chess.com"]
[Date "2018.07.03"]
[Round "5"]
[White "Alopekos"]
[Black "grandmastergauri"]
[Result "1-0"]
[WhiteElo "2421"]
[BlackElo "2473"]
[TimeControl "180+2"]
[EndTime "14:03:36 PDT"]
[Termination "Alopekos won by resignation"]

1. e4 c6 2. d4 d5 3. Nd2 dxe4 4. Nxe4 Bf5 5. Ng3 Bg6 6. h4 h6 7. Nf3 Nd7 8. h5 Bh7 9. Bd3 Bxd3 10. Qxd3 e6 11. Bd2 Ngf6 12. O-O-O Be7 13. Kb1 Qb6 14. c4 c5 15. d5 O-O 16. Rhe1 Rfe8 17. dxe6 fxe6 18.
Bxh6 Nf8 19. Bf4 Rad8 20. Qc2 Ng4 21. Ne5 Nxe5 22. Bxe5 Qc6 23. Qe2 Bf6 24. h6 Rxd1+ 25. Rxd1 Nh7 26. Nh5 Bxe5 27. Qxe5 Qxg2 28. Qxg7+ Qxg7 29. hxg7 Kf7 30. Rd7+ Kg6 31. Nf4+ Kf5 32. Nd3 Nf6 33.
Rxb7 Ke4 34. Nxc5+ Kd4 35. Rf7 Ng8 36. Rf8 Re7 37.
Rxg8 Kxc4 38. Nb3 Rd7 39. Rc8+ Kd3 40. g8=Q Ke2 41. Qg4+ Ke1 42. Rc1+ Kxf2 43. Rc2+ 1-0

[Event "*** Titled Tuesday Blitz"]
[Site "Chess.com"]
[Date "2018.07.03"]
[Round "5"]
[White "ahmadzada13"]
[Black "SARGISMV"]
[Result "1-0"]
[WhiteElo "2499"]
[BlackElo "2327"]
[TimeControl "180+2"]
[EndTime "14:03:37 PDT"]
[Termination "ahmadzada13 won by resignation"]

1. e3 g6 2. d4 Bg7 3. c4 c5 4. Nc3 Nf6 5. Nf3 O-O 6. d5 e6 7. Be2 exd5 8. cxd5 d6 9. O-O Re8 10. Nd2 Nbd7 11. h3 a6 12. a4 Rb8 13. a5 h5 14. Nc4 Ne5 15. Nb6 Nfd7 16. Nxc8 Rxc8 17. f4 Qh4 18. Qe1 Qe7 19. fxe5 Bxe5 20. Qf2 h4 21. e4 Bg3 22. Qf3 Ne5 23. Qf6 Qf8 24. Bf4 Nd7 25. Qg5 Re5 26. Bxe5 Nxe5 27. Bg4 Re8 28.
Ne2 Qg7 29. Nxg3 hxg3 30. Qh4 Nc4 31. Qxg3 Rxe4 32. Rae1 Qd4+ 33. Kh1 Ne3 34. Rxe3 Rxe3 35. Qxd6 Qxb2 36. Be6 Rf3 37. Rxf3 Qa2 1-0

[Event "*** Titled Tuesday Blitz"]
[Site "Chess.com"]
[Date "2018.07.03"]
[Round "5"]
[White "ftorodent"]
[Black "Polish_fighter3000"]
[Result "0-1"]
[WhiteElo "2510"]
[BlackElo "2756"]
[TimeControl "180+2"]
[EndTime "14:03:38 PDT"]
[Termination "Polish_fighter3000 won by checkmate"]

1. d4 Nf6 2. c4 g6 3. Nc3 Bg7 4. e4 O-O 5. Nf3 d6 6. Be2 e5 7. O-O Nc6 8. d5 Ne7 9. Ne1 Nd7 10. Nd3 f5 11. Bd2 Nf6 12. f3 c5 13. b4 b6 14.
bxc5 bxc5 15. Rb1 f4 16. Qa4 a6 17. Nd1 Bd7 18. Qa5 Qe8 19. Qc7 Nc8 20. N1f2 Rf7 21. Qa5 h5 22. Rb7 g5 23. h3 Bf8 24. Rfb1 Rg7 25.
Qc3 a5 26. Qc1 a4 27. a3 Be7 28. Qd1 Bd8 29. Rb8 Ra7 30. R1b7 Ra6 31. Qb1 Ne7 32. Qd1 Bc8 33. Rb1 Bc7 34. R8b2 Ng6 35. Be1 Ra8 36. Rb5 Bd7 37. R5b2 Qc8 38. Rb7 Nh4 39. Nh1 Nxg2 40. Kxg2 g4 41. Bh4 gxf3+ 42. Kxf3 Bxh3 43. Bxf6 Rg2 44. Ndf2 Qg4+ 45. Nxg4 hxg4# 0-1

[Event "*** Titled Tuesday Blitz"]
[Site "Chess.com"]
[Date "2018.07.03"]
[Round "5"]
[White "abubakrtagelsir"]
[Black "murmah2003"]
[Result "1-0"]
[WhiteElo "2460"]
[BlackElo "2604"]
[TimeControl "180+2"]
[EndTime "14:03:41 PDT"]
[Termination "abubakrtagelsir won on time"]

1. e4 c5 2. Nc3 d6 3. f4 g6 4. Nf3 Bg7 5. Bb5+ Bd7 6. Bc4 e6 7. O-O Ne7 8. d4 cxd4 9. Nxd4 Qb6 10.
Be3 Nbc6 11. Nf5 Qxb2 12. Nxg7+ Kf8 13. Bd4 Qb4 14. Qd3 Nxd4 15. Qxd4 Qc5 16. Qxc5 dxc5 17. f5 Kxg7 18. f6+ Kf8 19. fxe7+ Kxe7 20. Rab1 b6 21.
e5 Bc6 22. Bd3 Rad8 23. Rf4 Rd4 24. Rbf1 Rxf4 25. Rxf4 Rd8 26. Kf2 Rd7 27. g3 Rd8 28.
Ke3 h5 29. h4 Rd7 30. Bb5 Bxb5 31. Nxb5 Rd5 32. Re4 Rd1 33. Nxa7 Ra1 34. Nb5 Rxa2 35.
Kd3 Ra1 36. Nd6 f5 37. Re3 Kd7 38. Kd2 Kc6 39. Nc8 Kc7 40. Ne7 g5 41. hxg5 Ra4 42. Rd3 Rg4 43. g6 c4 44. Ra3 1-0

[Event "*** Titled Tuesday Blitz"]
[Site "Chess.com"]
[Date "2018.07.03"]
[Round "5"]
[White "Korchmar_Vasiliy"]
[Black "Artur0208"]
[Result "1-0"]
[WhiteElo "2697"]
[BlackElo "2464"]
[TimeControl "180+2"]
[EndTime "14:03:43 PDT"]
[Termination "Korchmar_Vasiliy won on time"]

1. d4 d5 2. c4 e6 3. Nf3 Nf6 4. g3 dxc4 5. Bg2 Nc6 6. Qa4 Bb4+ 7. Bd2 Nd5 8. Bxb4 Nxb4 9. O-O b5 10. Qxb5 Rb8 11.
Qxc4 Ba6 12. Qc5 Bxe2 13. a3 Bxf3 14. Bxf3 Nxd4 15. axb4 Nxf3+ 16. Kg2 Ng5 17. Nc3 f6 18. Rxa7 Kf7 19. Rxc7+ Kg6 20. h4 Rxb4 21. hxg5 Rxb2 22.
gxf6 gxf6 23. Rd1 Qa8+ 24. Kg1 Qf3 25. Rdd7 Rc2 26. Rg7+ Kh6 27. Rxh7+ Rxh7 28. Qf8+ Kg5 29. Qg8+ Rg7 30. Qxg7+ Kf5 31. Qh7+ Ke5 32. Qxc2 1-0

[Event "*** Titled Tuesday Blitz"]
[Site "Chess.com"]
[Date "2018.07.03"]
[Round "5"]
[White "Superfelix"]
[Black "andrzej"]
[Result "1-0"]
[WhiteElo "2373"]
[BlackElo "2203"]
[TimeControl "180+2"]
[EndTime "14:03:44 PDT"]
[Termination "Superfelix won by checkmate"]

1. e4 c5 2. Nc3 a6 3. d4 cxd4 4. Qxd4 e6 5. Bf4 b5 6. O-O-O Nc6 7.
Qe3 b4 8. Nd5 d6 9. Nb6 Rb8 10.
Nc4 Bd7 11. Nxd6+ Bxd6 12. Bxd6 Ra8 13. Nf3 Nf6 14. Qg5 Rg8 15. Bd3 Qa5 16. Qxa5 Nxa5 17. Ne5 Bb5 18. Bxb4 Nc6 19. Nxc6 Bxc6 20. f3 Nd7 21.
Bc3 a5 22. a3 Ke7 23. Rd2 f6 24. Rhd1 Rgc8 25. Kb1 Nc5 26. b3 Kf7 27. Bc4 Ra7 28. Bd4 Be8 29. Bxc5 Rxc5 30. Rd6 Re7 31. f4 g6 32. g4 h6 33. f5 gxf5 34. gxf5 Re5 35. Rxe6 Kf8 36. Rxe5 Rxe5 37. Bd5 Bb5 38. c4 Bd7 39.
Rf1 Re7 40. b4 axb4 41. axb4 Rg7 42. Rf2 Ke7 43. Kb2 Kd6 44. c5+ Ke5 45. c6 Bc8 46. b5 Rg1 47. b6 Re1 48. b7 Bxb7 49. cxb7 Kd4 50. b8=Q Ke3 51. Qb6+ Kd3 52. Qb3+ Kd4 53.
Qc3# 1-0

[Event "*** Titled Tuesday Blitz"]
[Site "Chess.com"]
[Date "2018.07.03"]
[Round "5"]
[White "destroyer305"]
[Black "1e41-0"]
[Result "0-1"]
[WhiteElo "2305"]
[BlackElo "2508"]
[TimeControl "180+2"]
[EndTime "14:03:48 PDT"]
[Termination "1e41-0 won by resignation"]

1. e4 c5 2. d4 cxd4 3. c3 Nf6 4. e5 Nd5 5. Nf3 e6 6. cxd4 d6 7. a3 Bd7 8. Bd3 Bc6 9. O-O Nd7 10. Re1 dxe5 11. dxe5 Be7 12. b4 a6 13. Ra2 Rc8 14.
Rc2 O-O 15. Nc3 N7b6 16. Ne4 Bb5 17. Bxb5 axb5 18. Bb2 Rxc2 19. Qxc2 Nc4 20. Rd1 Qc7 21. Bd4 Rc8 22. Qb3 Nf4 23. g3 Ne2+ 24. Kg2 Nxd4 25.
Rxd4 Nxe5 26. Nxe5 Qxe5 27. Qd3 g6 28. h4 Bf8 29.
Rd7 Rc4 30. Ng5 Rc3 31. Qd2 Rc7 32. Rd8 h6 33. Nf3 Qf6 34. Rb8 Kg7 35. Qe2 Rc3 36. Rxb7 Rxa3 37. Ne5 Kg8 38. Rxf7 Qd8 39. Qg4 Qd5+ 40.
Nf3 Kxf7 41. Qf4+ Kg8 42. g4 Bd6 43. Qf6 Qxf3+ 44. Qxf3 Rxf3 45. Kxf3 Bxb4 0-1

[Event "*** Titled Tuesday Blitz"]
[Site "Chess.com"]
[Date "2018.07.03"]
[Round "5"]
[White "ENEASZ"]
[Black "Godzillator"]
[Result "1-0"]
[WhiteElo "2512"]
[BlackElo "2335"]
[TimeControl "180+2"]
[EndTime "14:03:50 PDT"]
[Termination "ENEASZ won by checkmate"]

1. e4 c6 2. d3 d5 3. Nd2 e5 4. Ngf3 Bd6 5. d4 exd4 6. exd5 c5 7. Bb5+ Bd7 8. Qe2+ Kf8 9. O-O Nf6 10. Bxd7 Nbxd7 11. Nc4 Nb6 12. Na5 Qc7 13. c4 dxc3 14. bxc3 Nbxd5 15. Nc4 Re8 16. Qd3 Bf4 17. Rb1 Bxc1 18. Rfxc1 b6 19.
Re1 Rxe1+ 20. Rxe1 g6 21. Nce5 Kg7 22. Ng5 Rf8 23.
c4 Nb4 24. Qh3 Nc2 25. Nexf7 Kg8 26. Nh6+ Kh8 27. Rd1 Nd4 28. Ne6 Nxe6 29. Qxe6 Qg7 30. Ng4 Nxg4 31. Qxg4 Re8 32. h4 Qe5 33. Rd7 Re7 34.
Rd8+ Kg7 35. g3 Qe1+ 36. Kg2 Qe4+ 37. Qxe4 Rxe4 38. Rd7+ Kh6 39. Rxa7 Rxc4 40. Kh3 Rb4 41. f4 c4 42. Rc7 b5 43. g4 g5 44. hxg5+ Kg6 45. Kh4 Rb2 46. f5# 1-0

[Event "*** Titled Tuesday Blitz"]
[Site "Chess.com"]
[Date "2018.07.03"]
[Round "5"]
[White "ama18"]
[Black "catalin009"]
[Result "0-1"]
[WhiteElo "2275"]
[BlackElo "2436"]
[TimeControl "180+2"]
[EndTime "14:03:53 PDT"]
[Termination "catalin009 won by checkmate"]

1. e4 c5 2. Nf3 Nc6 3. d4 cxd4 4. Nxd4 g6 5. c4 Bg7 6. Be3 Nf6 7. Nc3 O-O 8. Be2 d6 9. Qd2 Bd7 10. f3 a5 11. Ncb5 a4 12. g4 Ne5 13. g5 Nh5 14.
f4 Ng4 15. O-O-O a3 16. b3 Nxe3 17. Qxe3 e5 18. fxe5 dxe5 19. Nc2 Nf4 20. Bg4 Bxg4 21. Rxd8 Rfxd8 22. Nc3 Rd3 23. Qe1 Rxc3 24. Kb1 Rd3 25. Ne3 Bf3 26. Rf1 Bxe4 27. Ka1 Bc6 28. h4 Rad8 29. Nd5 Nxd5 30. cxd5 Bxd5 31. Qf2 e4+ 32. Kb1 e3 33. Qe2 Be4 34. Kc1 Rc8+ 35. Kb1 Rd1# 0-1

[Event "*** Titled Tuesday Blitz"]
[Site "Chess.com"]
[Date "2018.07.03"]
[Round "5"]
[White "josiwales"]
[Black "volodja49"]
[Result "0-1"]
[WhiteElo "2497"]
[BlackElo "2480"]
[TimeControl "180+2"]
[EndTime "14:03:56 PDT"]
[Termination "volodja49 won on time"]

1. e4 e6 2. d4 d5 3. Nd2 dxe4 4. Nxe4 Nd7 5. Nf3 Ngf6 6. Nxf6+ Nxf6 7. Bd3 c5 8. O-O a6 9. Re1 b5 10. Bg5 Bb7 11. c3 h6 12. Bh4 cxd4 13. Nxd4 Qd5 14. f3 Bc5 15. Kh1 Bxd4 16. cxd4 O-O 17. Rc1 Rac8 18. Bxf6 gxf6 19. Be4 Qd7 20. Qd2 Kg7 21. Rc3 Rxc3 22. bxc3 f5 23. Bxb7 Qxb7 24. Qf4 Rc8 25. Qe5+ Kg6 26. h4 Qc7 27. h5+ Kh7 28. Qf6 Rg8 29. Re5 Rg7 30. d5 Qxc3 31. dxe6 Qc1+ 32.
Kh2 Qf4+ 33. Kg1 Qd4+ 34. Kh2 Qf4+ 35. Kg1 Qd4+ 36. Kh2 Qb2 37. Qxf5+ Kh8 38. Qh3 Qxe5+ 39. Kh1 Qxe6 0-1

[Event "*** Titled Tuesday Blitz"]
[Site "Chess.com"]
[Date "2018.07.03"]
[Round "5"]
[White "PaulfromSPb"]
[Black "OparinGrigoriy"]
[Result "0-1"]
[WhiteElo "2516"]
[BlackElo "2886"]
[TimeControl "180+2"]
[EndTime "14:03:57 PDT"]
[Termination "OparinGrigoriy won by resignation"]

1. d4 Nf6 2. Bg5 e6 3. Nd2 h6 4.
Bh4 b6 5. e4 Bb7 6. Bd3 d6 7. f4 g5 8. fxg5 Nh7 9. Qe2 hxg5 10.
Bf2 Nd7 11. O-O-O Bg7 12. h4 Qe7 13. hxg5 Nxg5 14. Rxh8+ Bxh8 15. Ngf3 Nxf3 16. Nxf3 O-O-O 17. Ba6 Rg8 18. Bxb7+ Kxb7 19. g3 Nb8 20. e5 Qd7 21.
d5 exd5 22. Rxd5 Qe6 23. c4 dxe5 24. Nd2 Nc6 25. Qf3 f5 26. Rb5 a6 27. Rb3 e4 28.
Qe2 Nd4 29. Bxd4 Bxd4 30. Kc2 a5 31. Rb5 Rxg3 32. Nb3 Bg1 33. c5 a4 34. Na5+ Kc8 35.
cxb6 Bxb6 36. Nc4 Rg2 37. Nxb6+ Qxb6 38. Qxg2 Qxb5 39. Qg8+ Kb7 40. Qe6 Qd3+ 41. Kc1 e3 42. b3 a3 43. b4 Qd2+ 0-1

[Event "*** Titled Tuesday Blitz"]
[Site "Chess.com"]
[Date "2018.07.03"]
[Round "5"]
[White "Keranke"]
[Black "moro182"]
[Result "0-1"]
[WhiteElo "2745"]
[BlackElo "2644"]
[TimeControl "180+2"]
[EndTime "14:04:08 PDT"]
[Termination "moro182 won by resignation"]

1. d4 d5 2. Bf4 Nf6 3. e3 c5 4.
Nc3 cxd4 5. exd4 a6 6. Nf3 Nc6 7. Ne5 Bf5 8. Nxc6 bxc6 9. Na4 e6 10. c3 Be7 11. Bd3 Bxd3 12. Qxd3 O-O 13. O-O Nd7 14.
b4 a5 15. a3 axb4 16. axb4 Nb6 17. Nc5 Nc4 18. h3 Bxc5 19. dxc5 e5 20. Bg3 f5 21. f4 e4 22. Qd4 Qf6 23. Rfb1 Na3 24. Qxf6 gxf6 25. Rc1 Nb5 26. Be1 Kf7 27. Kf2 Ke6 28. Ke3 Rg8 29. g3 Na3 30. Ke2 Nc4 31. Rcb1 h5 32. h4 Na3 33. Rb2 Nb5 34. Rba2 Rxa2+ 35.
Rxa2 d4 36. cxd4 Nxd4+ 37. Kf2 Rd8 38. Ra7 Nc2 39. Rc7 Kd5 40. Rh7 Kd4 41. Rxh5 e3+ 42.
Ke2 Nxe1 43. Kxe1 Ra8 44. Rh7 Ra1+ 45. Ke2 Ra2+ 46. Kd1 e2+ 47. Ke1 Ke3 48. Re7+ Kf3 49. h5 Ra1+ 50. Kd2 Rd1+ 51. Kc2 e1=Q 52. Rxe1 Rxe1 53.
b5 cxb5 54. c6 Re6 0-1

[Event "*** Titled Tuesday Blitz"]
[Site "Chess.com"]
[Date "2018.07.03"]
[Round "5"]
[White "Quiet_Desperation"]
[Black "MatthewG-p4p"]
[Result "0-1"]
[WhiteElo "1863"]
[BlackElo "2675"]
[TimeControl "180+2"]
[EndTime "14:04:09 PDT"]
[Termination "MatthewG-p4p won by resignation"]

1. e4 e6 2. d4 d5 3. Nc3 Bb4 4. exd5 exd5 5. Nf3 Nf6 6. Bd3 O-O 7. O-O c6 8. h3 Re8 9. Bg5 Nbd7 10. Ne2 Nf8 11. c3 Bd6 12. Ng3 Ng6 13. Nf5 Bf8 14. Re1 Be6 15.
Qd2 h6 16. Be3 Ne4 17. Nxh6+ gxh6 18. Qc1 Kh7 19. Ne5 f5 20. Nxg6 Kxg6 21. f3 Nd6 22. Bf4 Bf7 23. g4 Rxe1+ 24. Qxe1 Qf6 25. Qg3 Kh7 26. Be5 Qd8 27. h4 h5 28. gxf5 Qd7 29.
Qg5 Bh6 30. f6+ Ne4 31. Qg2 Rg8 32. Bg3 Bf4 33. Bxf4 Rxg2+ 34. Kxg2 Qf5 35. Bg3 Qxf6 36. fxe4 dxe4 37. Bxe4+ Bg6 38. Bxg6+ Qxg6 39. Rf1 Qe4+ 40. Kh2 Kg6 41. Rf2 a5 42. Rg2 a4 43. a3 Qd5 44.
Be5+ Kf5 45. Rg5+ Ke4 46. Rxh5 Qb3 47. Rg5 Qxb2+ 48. Rg2 Qxc3 49. Rg3 Qd2+ 50. Kh3 Qe2 51. Rg4+ Kf5 52. Rf4+ Ke6 53. Rf6+ Kd5 54. Kg3 c5 55.
Rf4 Qe3+ 56. Kg4 Qxa3 57. dxc5 Kxe5 58. h5 Qb3 59. h6 Qd1+ 60. Kg5 Qd2 0-1

[Event "*** Titled Tuesday Blitz"]
[Site "Chess.com"]
[Date "2018.07.03"]
[Round "5"]
[White "chesstatour"]
[Black "gemarin"]
[Result "1-0"]
[WhiteElo "2041"]
[BlackElo "1825"]
[TimeControl "180+2"]
[EndTime "14:04:14 PDT"]
[Termination "chesstatour won by checkmate"]

1. c4 c6 2. e4 g6 3. Nc3 Bg7 4. d4 d6 5. f4 Nd7 6. Nf3 e5 7. dxe5 dxe5 8. fxe5 Qa5 9. Bg5 Nxe5 10. Nxe5 Bxe5 11.
Qd2 Nf6 12. Bd3 Be6 13. O-O Ng4 14. h3 h6 15. Bh4 Bd4+ 16. Kh1 Qh5 17. Qe1 Ne5 18.
Be2 Bg4 19. hxg4 Nxg4 20. Bxg4 Qxg4 21. Qg3 Qh5 22. Qh3 Qa5 23. Bf6 Bxf6 24. Rxf6 Rd8 25. Raf1 Rd7 26. Qf3 O-O 27. Qf4 Kg7 28. e5 Qc5 29.
Ne4 Rd4 30. Nxc5 Rxf4 31. R6xf4 f5 32. exf6+ Kf7 33. Nxb7 Rb8 34. Nd6+ Kf8 35. b3 Rd8 36. c5 Rd7 37. f7 g5 38. Re4 Re7 39. Rxe7 Kxe7 40.
f8=Q+ Kd7 41. Qf7+ Kd8 42. Re1 h5 43. Re8# 1-0

[Event "*** Titled Tuesday Blitz"]
[Site "Chess.com"]
[Date "2018.07.03"]
[Round "5"]
[White "Zaven_ChessMood"]
[Black "MikaelyanArman"]
[Result "1-0"]
[WhiteElo "2878"]
[BlackElo "2611"]
[TimeControl "180+2"]
[EndTime "14:04:17 PDT"]
[Termination "Zaven_ChessMood won on time"]

1. e4 Nf6 2. e5 Nd5 3. c4 Nb6 4. d4 d6 5. f4 dxe5 6. fxe5 Nc6 7. Be3 Bf5 8. Nc3 e6 9. Nf3 Be7 10. Be2 O-O 11. O-O f6 12. Qe1 fxe5 13. dxe5 Bg4 14.
Qg3 Bxf3 15. gxf3 Nd4 16. Rad1 Nxe2+ 17. Nxe2 Qe8 18. b3 Nd7 19. Kh1 Rd8 20. Nf4 Qf7 21. Rg1 g6 22. Qg4 Nxe5 23. Qxe6 Qxe6 24. Nxe6 Rxd1 25.
Rxd1 Rxf3 26. Bxa7 c6 27. Kg2 Rd3 28. Rxd3 Nxd3 29. Be3 Kf7 30. Nd4 Bc5 31. Kf3 Bxd4 32. Bxd4 Nc1 33. Be3 Nxa2 34. Bd2 Ke6 35. b4 b6 36. Ke4 c5 37. b5 Nb4 38. Bg5 Kd7 39.
Bf6 Nc2 40. h4 h6 41. Bg7 h5 42. Bf6 Ne1 43. Bg5 Nc2 44. Bf6 Ne1 45. Ke3 Nc2+ 46. Kf4 Na3 47. Kg5 Nxc4 48. Kxg6 Ke6 49. Bd8 Nd6 50.
Bxb6 c4 51. Kxh5 Nxb5 52. Kg6 c3 53. h5 c2 54. Be3 Nd6 55. Bc1 Nf5 56. Bb2 Nd6 57.
h6 Nf7 58. h7 Nh8+ 59. Kg7 Nf7 60. Ba3 Nh8 61. Kxh8 Kf7 62. Bc1 Kf8 63. Bb2 Ke7 64. Kg7 1-0

[Event "*** Titled Tuesday Blitz"]
[Site "Chess.com"]
[Date "2018.07.03"]
[Round "5"]
[White "Bad4life"]
[Black "Kaphrep"]
[Result "0-1"]
[WhiteElo "2427"]
[BlackElo "2670"]
[TimeControl "180+2"]
[EndTime "14:04:19 PDT"]
[Termination "Kaphrep won by checkmate"]

1. e4 g6 2. d4 Bg7 3. Nf3 e6 4. Bd3 Ne7 5. O-O d6 6. c3 h6 7. a4 Nd7 8. Re1 a6 9. a5 b5 10. axb6 cxb6 11. Na3 Bb7 12. Nc4 Nc8 13. Bf4 Qe7 14. d5 e5 15. Bg3 O-O 16. Bh4 Bf6 17.
g3 g5 18. Ne3 Bg7 19. Nf5 Qf6 20. c4 Ne7 21. Ne3 gxh4 22. Ng4 Qg6 23. Nxh4 Qg5 24.
Ra3 h5 25. Ne3 Bh6 26. Kh1 Kh8 27. Be2 Nf6 28. Bf3 Bc8 29. Rb3 Rb8 30. c5 dxc5 31. Nc4 Bg4 32. Nd6 Kg8 33. Rg1 Rfd8 34. Bxg4 Nxg4 35. Qf3 Rxd6 36. Nf5 Nxf5 37. exf5 e4 38. Qe2 Qxf5 39. Rg2 Qxd5 40. h3 Qxb3 41. hxg4 Qd1+ 42. Qxd1 Rxd1+ 43. Kh2 hxg4 44. b4 Bg5 45. bxc5 Kg7 46. Rg1 Rd2 47. Kg2 e3 48. cxb6 Rxf2+ 49. Kh1 Rh8# 0-1

[Event "*** Titled Tuesday Blitz"]
[Site "Chess.com"]
[Date "2018.07.03"]
[Round "5"]
[White "dreamist"]
[Black "Parhamov"]
[Result "0-1"]
[WhiteElo "2597"]
[BlackElo "2768"]
[TimeControl "180+2"]
[EndTime "14:04:24 PDT"]
[Termination "Parhamov won by resignation"]

1. c4 e5 2. Nc3 Nf6 3. Nf3 Nc6 4. Qc2 Bb4 5. Nd5 Be7 6. e3 O-O 7. a3 a5 8. Bd3 h6 9. b3 Re8 10. Bb2 d6 11. Nxf6+ Bxf6 12. Be4 Ne7 13. O-O c6 14. d4 exd4 15. Bxd4 Bxd4 16. Nxd4 Bd7 17. Rfd1 Qc7 18. h3 Red8 19. Rd2 Kf8 20. Rad1 Ng8 21. Bf5 Nf6 22. Bxd7 Rxd7 23. Nf5 Rad8 24. Qc3 Ne8 25. Qd4 Kg8 26. Qg4 Kh7 27. Rd4 d5 28. cxd5 Rxd5 29. Rxd5 Rxd5 30. Rxd5 cxd5 31. Qd4 g6 32. Nxh6 f5 33.
g4 Ng7 34. g5 Qe7 35. h4 Qxa3 36. Qxd5 Qc1+ 37. Kh2 Qc7+ 38. f4 Qc8 39. Kh3 Qe8 40.
Kg2 b5 41. Kf3 a4 42. bxa4 bxa4 43. Qa2 Qe4+ 44. Kf2 Ne6 45. Qb2 Nc5 46. Qb8 Nd3+ 47. Ke2 Nxf4+ 48. Kd1 Qd3+ 49. Kc1 Qxe3+ 50. Kb1 Qe1+ 51.
Ka2 Qd2+ 52. Ka3 Qc3+ 53. Kxa4 Qa1+ 0-1

[Event "*** Titled Tuesday Blitz"]
[Site "Chess.com"]
[Date "2018.07.03"]
[Round "5"]
[White "WPWPWP-2015"]
[Black "W_Amadeus"]
[Result "0-1"]
[WhiteElo "2405"]
[BlackElo "2594"]
[TimeControl "180+2"]
[EndTime "14:04:27 PDT"]
[Termination "W_Amadeus won on time"]

1. e4 e5 2. Nf3 Nc6 3. Bb5 Nf6 4. Nc3 Nd4 5. Ba4 c6 6. O-O a5 7. Nxe5 d6 8. Nf3 Bg4 9. Bb3 Nd7 10. d3 Qf6 11.
Bg5 Qg6 12. Nxd4 Bxd1 13. Bh4 Bg4 14. f3 Be6 15. Bg3 Be7 16. f4 Bxb3 17. axb3 Bf6 18. Nf3 h5 19. f5 Qh7 20. Bxd6 Be7 21. Bf4 O-O 22. d4 b5 23. Ne2 Rfe8 24. h4 f6 25. Ng3 Bf8 26. Rae1 a4 27. bxa4 Rxa4 28. b3 Ra2 29.
Re2 c5 30. d5 c4 31. bxc4 bxc4 32. Kh2 Bc5 33. Rb1 Bb6 34. Kh3 Kh8 35. Rb4 g6 36. Rxc4 gxf5 37. Nxf5 Qxf5+ 38. exf5 Rxe2 39. Rc6 Raxc2 40. Rd6 Bc7 41. Rxd7 Bxf4 42. g3 Re3 0-1